 Dungeon Crawl Stone Soup version 0.19.0 (webtiles) character file.

79 Softman25 the Chiller (level 4, 0/27 HPs)
             Began as an Octopode Ice Elementalist on Nov 9, 2016.
             Slain by Grinder (2 damage)
             ... while paralysed by Grinder
             ... on level 3 of the Dungeon.
             The game lasted 00:06:38 (2168 turns).

Softman25 the Chiller (Octopode Ice Elementalist)   Turns: 2168, Time: 00:06:39

Health: 0/27       AC:  1    Str:  8    XL:     4   Next: 37%
Magic:  4/9        EV:  2    Int: 23    God:
Gold:   172        SH:  0    Dex: 12    Spells: 3 memorised, 3 levels left

rFire  . . .     SeeInvis .     d - +0 dagger
rCold  . . .     Gourm    .     (no shield)
rNeg   . . .     Faith    .     (helmet restricted)
rPois  .         Spirit   .     (no amulet)
rElec  .         Reflect  .     k - +6 ring of intelligence
rCorr  .         Harm     .     (no ring)
MR     .....                    (no ring)
Stlth  +++.......               (no ring)
                                (no ring)
                                (no ring)
                                (no ring)
                                (no ring)

@: paralysed
A: almost no armour, stealthy swim, amphibious, 8 rings, constrict 8, camouflage
1, gelatinous body 1
a: no special abilities


You were on level 3 of the Dungeon.
You were not hungry.

You visited 1 branch of the dungeon, and saw 3 of its levels.

You collected 172 gold pieces.

Inventory:

Hand Weapons
 d - a +0 dagger (weapon)
Jewellery
 k - a +6 ring of intelligence (left tentacle)
Scrolls
 c - 2 scrolls of teleportation {unknown}
 f - a scroll of magic mapping {unknown}
 g - a scroll of remove curse {unknown}
 i - 2 scrolls of enchant weapon {unknown}
 j - 2 scrolls of identify {unknown}
Potions
 e - a potion of degeneration {unknown}
 m - a potion of might {unknown}
 n - a potion of flight {unknown}
 o - a potion of ambrosia {unknown}
 p - a potion of resistance {unknown}
Books
 a - a book of Frost

   Spells                             Type                      Level
   a - Freeze                         Ice                          1
   b - Throw Frost                    Conjuration/Ice              2
   c - Ozocubu's Armour               Charms/Ice                   3
   d - Throw Icicle                   Conjuration/Ice              4
   e - Summon Ice Beast               Ice/Summoning                4
Comestibles
 b - 2 bread rations
 h - 3 chunks of flesh
 l - 2 slices of pizza


   Skills:
 - Level 2.0 Dodging
 - Level 2.6 Stealth
 * Level 3.4 Spellcasting
 + Level 1.0 Conjurations
 - Level 0.6 Charms
 + Level 3.7 Ice Magic


You had 3 spell levels left.
You knew the following spells:

 Your Spells              Type           Power        Failure   Level  Hunger
a - Freeze                Ice            ###.         2%          1    None
b - Throw Frost           Conj/Ice       ##....       10%         2    ##.....
c - Ozocubu's Armour      Chrm/Ice       ##......     14%         3    ###....


Dungeon Overview and Level Annotations

Branches:
Dungeon (3/15)

Altars:
Hepliaklqana
Sif Muna

Annotations:
D:3 Grinder


Innate Abilities, Weirdness & Mutations

You cannot wear most types of armour.
You are very stealthy in the water. (Stealth+)
You are amphibious.
You can wear up to eight rings at the same time.
You can use your tentacles to constrict eight enemies at once.
Your skin changes colour to match your surroundings (Stealth+).
Your rubbery body absorbs attacks. (AC +1, EV +1)


Message History

Aim: Grinder (lightly wounded)
The puff of frost misses Grinder.
Grinder closely misses you.
Casting: Throw Frost
Confirm with . or Enter, or press ? or * to list all spells.
Aiming: Freeze
Press: ? - help, Shift-Dir - straight line, f/p - Grinder
Aim: Grinder (lightly wounded)
You freeze Grinder.
Grinder resists.
Grinder is lightly wounded.
Grinder gestures at you.
You suddenly lose the ability to move!
Grinder hits you.
You writhe in agony.
Grinder hits you!
You writhe in agony.
* * * LOW HITPOINT WARNING * * *
Grinder gestures at you.
You barely resist. Grinder hits you.
* * * LOW HITPOINT WARNING * * *
You writhe in agony.
You die...

#.#.....#
#.........###.>..#.###
+.........+...........
.........####.<.#.###
....... #####.##.#
..... #.....##.# ...
#.###.##.# #5# #.#
#....# #@# #.###.####
#.# #.....# ##.##
###.### ##...## #.#
#.....# #.# ##...##
#.# #.#####.#######.#
#...............#
##.####.#########


You could see Grinder.

Vanquished Creatures
  An adder (D:2)
  A worm (D:2)
  2 dart slugs (D:1)
  A leopard gecko (D:2)
  A ball python (D:2)
  3 bats
  2 giant cockroaches
  12 goblins
  9 hobgoblins
  8 jackals (D:2)
  4 kobolds
  7 frilled lizards (D:1)
  5 rats
56 creatures vanquished.

Notes
Turn   | Place    | Note
-------+----------+-------------------------------------------
     0 | D:1      | Softman25 the Octopode Ice Elementalist began the quest for the Orb.
     0 | D:1      | Reached XP level 1. HP: 11/11 MP: 3/3
   252 | D:1      | Reached XP level 2. HP: 17/17 MP: 0/5
   273 | D:1      | Learned a level 2 spell: Throw Frost
   568 | D:1      | Reached XP level 3. HP: 15/21 MP: 2/7
  1356 | D:2      | Learned a level 3 spell: Ozocubu's Armour
  1368 | D:2      | Found a deep blue altar of Sif Muna.
  1509 | D:2      | Reached XP level 4. HP: 23/27 MP: 0/8
  1851 | D:2      | Found a hazy altar of Hepliaklqana.
  2161 | D:3      | Noticed Grinder
  2164 | D:3      | Paralysed by Grinder for 6 turns
  2168 | D:3      | Slain by Grinder

Skill      XL: |  1  2  3 |
---------------+----------+-----
Spellcasting   | 3 |  3.4
Dodging        | |  2.0
Stealth        | |  2.6
Conjurations   | |  1.0
Charms         | |  0.6
Ice Magic      | |  3.7

Action                   |  1- 3 |  4- 6 || total
-------------------------+-------+-------++-------
Melee: Unarmed           |    14 |       ||    14
       Constrict         |    21 |     7 ||    28
       Tentacles         |    12 |     5 ||    17
       Dagger            |    49 |    21 ||    70
 Cast: Freeze            |     8 |     2 ||    10
       Throw Frost       |    20 |    14 ||    34
       Ozocubu's Armour  |       |     2 ||     2
 Stab: Sleeping          |     6 |       ||     6
  Eat: Chunk             |     3 |     3 ||     6
Armor: Skin              |     5 |     3 ||     8
Dodge: Dodged            |    28 |    19 ||    47
